 Dungeon Sprint DCSS version 0.17-a0-1642-gd4b747b (webtiles) character file.

16526 Kidiri the Tortoise (level 12, -13/115 HPs)
             Began as a Minotaur Fighter on Aug 8, 2015.
             Was a High Priest of Okawaru.
             Mangled by a vampire knight
             ... wielding a +0 dire flail
              (26 damage)
             ... while paralysed by something
             ... in the Dungeon (Sprint VII: "The Pits").
             The game lasted 00:20:06 (3197 turns).

Kidiri the Tortoise (Minotaur Fighter)              Turns: 3197, Time: 00:20:06

Health: -13/115    AC: 22    Str: 32    XL:     12   Next: 10%
Magic:  18/18      EV:  2    Int:  5    God:    Okawaru [*****.]
Gold:   43         SH:  0    Dex: 12    Spells: 0 memorised, 11 levels left

rFire  . . .     SeeInvis .     a - +5 mace
rCold  . . .     Clarity  .     b - +2 plate armour
rNeg   . . .     SustAt   .     s - +1 shield of a bailey {*Drain rElec Str+3}
rPois  +         Gourm    +     (helmet restricted)
rElec  +         Spirit   .     x - +1 cloak
rCorr  .         Warding  .     (no gloves)
rMut   .         NoTele   +     (no boots)
MR     .....                    B - amulet of the gourmand
Stlth  ..........               t - +3 ring of strength
                                F - ring of poison resistance

@: paralysed, not resistant to hostile enchantments, extremely unstealthy
A: retaliatory headbutt, horns 2, strong 1
a: Heroism, Finesse, Renounce Religion


You were in the Dungeon.
You worshipped Okawaru.
Okawaru was extremely pleased with you.
You were not hungry.

You visited 1 branch You collected 43 gold pieces.

Inventory:

Hand weapons
 a - a +5 mace (weapon)
Armour
 b - a +2 plate armour (worn)
 s - the +1 shield of a bailey (worn) {*Drain rElec Str+3}
   (You took it off an orc in the Dungeon)

   It affects your strength (+3).
   It insulates you from electricity.
   It causes draining when unequipped.
 x - a +1 cloak (worn)
Jewellery
 t - a +3 ring of strength (right hand)
 B - an amulet of the gourmand (around neck)
 F - a ring of poison resistance (left hand)
Scrolls
 k - a scroll of blinking
 o - 4 scrolls of remove curse
 p - 5 scrolls of amnesia
 q - 4 scrolls of fog
 r - 3 scrolls of fear
 C - a scroll of identify
 D - a scroll of recharging
Potions
 d - a potion of might
 f - 6 potions of curing
 h - 2 potions of haste
 i - 4 potions of magic
 j - 4 potions of berserk rage
 n - 2 potions of invisibility
 u - a potion of brilliance
 v - 2 potions of cure mutation
 w - 4 potions of agility
 G - a potion of resistance
Comestibles
 e - 6 bread rations
 g - 21 chunks of flesh
 l - 40 fruits
 m - 7 meat rations


   Skills:
 + Level 13.0 Fighting
 * Level 16.9 Maces & Flails
 * Level 17.1 Armour
 + Level 11.3 Dodging
 * Level 17.0 Shields
 + Level 10.6 Invocations


You had 11 spell levels left.
You didn't know any spells.

Dungeon Overview and Level Annotations

Branches:
Dungeon (1/1)

Altars:
Ashenzari
Cheibriados
Dithmenos
Elyvilon
Fedhas
Gozag
Kikubaaqudgha
Makhleb
Nemelex Xobeh
Okawaru
Qazlal
Ru
Sif Muna
Trog
Vehumet
Xom
Yredelemnul
Zin
The Shining One
Beogh
Jiyva
Lugonu

Annotations:
D Maurice


Innate Abilities, Weirdness & Mutations

You reflexively headbutt those who attack you in melee.
You have a pair of horns on your head.
Your muscles are strong. (Str +2)


Message History

Things that are here:
an inedible chunk of flesh; a giant frog skeleton Something hits you!
* * * LOW HITPOINT WARNING * * *
Something bites you.
* * * LOW HITPOINT WARNING * * *
Items here: %%% ))) [[[ ÷÷ Unknown command.
Drink which item? (? for menu, Esc to quit)
You feel better.
You hear some strange, mumbled words.
You suddenly lose the ability to move!
Something hits you but does no damage. Something bites you.
* * * LOW HITPOINT WARNING * * *
Something hits you!
* * * LOW HITPOINT WARNING * * *
Something bites you!
* * * LOW HITPOINT WARNING * * *
Something hits you!!
You die...

#####################
....................+
....................+
..################..#
..##.#m#.#4#.#.#.#..#
..#V#.#.#.#.#.#.##..#
..##[#}#4#.#.#.#@#[.#
..# #.#y#:#}#.#{#÷..#
..# #§#.#)#.#4#%#..#
..################..#
....................#
....................#
#########''##########
#########''######
................#


You could see a blue devil.

Vanquished Creatures
  A war gargoyle (D)
  Azrael (D)
  A minotaur (D)
  A vault guard (D)
  A hydra (D)
  A death knight (D)
  A catoblepas (D)
  A merfolk aquamancer (D)
  A death yak (D)
  An orc high priest (D)
  Urug (D)
  An iron troll (D)
  A sea snake (D)
  A swamp dragon (D)
  An orc knight (D)
  A lindwurm (D)
  A wolf spider (D)
  A cyclops (D)
  A naga mage (D)
  A komodo dragon (D)
  A guardian mummy (D)
  A fire drake (D)
  A troll (D)
  2 blue devils (D)
  A jumping spider (D)
  2 boulder beetles (D)
  A water elemental (D)
  4 redbacks (D)
  3 wyverns (D)
  A deep elf fighter (D)
  A fire elemental (D)
  A mottled dragon (D)
  2 nagas (D)
  2 hell hounds (D)
  5 orc warriors (D)
  A wasp (D)
  2 phantoms (D)
  An ogre (D)
  A crocodile (D)
  A centaur (D)
  2 brain worms (D)
  2 giant frogs (D)
  A gnoll sergeant (D)
  A small abomination (D)
  4 wights (D)
  A crimson imp (D)
  2 hounds (D)
  A gnoll shaman (D)
  2 orc priests (D)
  An orc wizard (D)
  2 quasits (D)
  2 sheep (D)
  7 gnolls (D)
  2 river rats (D)
  3 adders (D)
  A white imp (D)
  7 orcs (D)
  3 bats (D)
  A bat skeleton (D)
  A hobgoblin (D)
  4 jackals (D)
  A giant newt (D)
  A kobold (D)
106 creatures vanquished.

Vanquished Creatures (others)
  A redback (D)
  A steam dragon (D)
  An orc warrior (D)
  A sky beast (D)
4 creatures vanquished.

Grand Total: 110 creatures vanquished

Notes
Turn   | Place    | Note
--------------------------------------------------------------
     0 | D        | Kidiri the Minotaur Fighter began the quest for the Orb.
     0 | D        | Reached XP level 1. HP: 19/19 MP: 0/0
    20 | D        | Reached skill level 4 in Fighting
    20 | D        | Reached skill level 1 in Dodging
    20 | D        | Reached XP level 2. HP: 13/27 MP: 1/1
    31 | D        | Found a sacrificial altar of Ru.
    31 | D        | Found a basalt altar of Yredelemnul.
    31 | D        | Found a shadowy altar of Dithmenos.
    31 | D        | Found a deep blue altar of Sif Muna.
    31 | D        | Found a burning altar of Makhleb.
    31 | D        | Found a shimmering altar of Xom.
    31 | D        | Found an ancient bone altar of Kikubaaqudgha.
    31 | D        | Found a sparkling altar of Nemelex Xobeh.
    32 | D        | Found a glowing golden altar of the Shining One.
    32 | D        | Found a bloodstained altar of Trog.
    32 | D        | Found a shattered altar of Ashenzari.
    32 | D        | Found a white marble altar of Elyvilon.
    32 | D        | Found a snail-covered altar of Cheibriados.
    32 | D        | Found a blossoming altar of Fedhas.
    32 | D        | Found a radiant altar of Vehumet.
    32 | D        | Found a glowing silver altar of Zin.
    32 | D        | Found a corrupted altar of Lugonu.
    32 | D        | Found a viscous altar of Jiyva.
    32 | D        | Found a roughly hewn altar of Beogh.
    32 | D        | Found an iron altar of Okawaru.
    38 | D        | Found a stormy altar of Qazlal.
    39 | D        | Found an opulent altar of Gozag.
    41 | D        | Became a worshipper of Warmaster Okawaru
   285 | D        | Reached skill level 5 in Shields
   285 | D        | Reached skill level 1 in Invocations
   333 | D        | Reached skill level 5 in Armour
   338 | D        | Reached XP level 3. HP: 25/34 MP: 2/2
   807 | D        | Noticed a phantom
   808 | D        | Noticed a gnoll shaman
   808 | D        | Noticed a phantom
   809 | D        | Noticed an orc wizard
   830 | D        | Killed a gnoll shaman
   830 | D        | Reached skill level 5 in Fighting
   830 | D        | Reached skill level 5 in Maces & Flails
   830 | D        | Reached skill level 6 in Armour
   830 | D        | Reached XP level 4. HP: 33/42 MP: 4/4
   838 | D        | Killed an orc wizard
   838 | D        | Reached XP level 5. HP: 36/48 MP: 5/5
   865 | D        | Noticed an orc priest
   873 | D        | Killed a phantom
   873 | D        | Acquired Okawaru's first power
   873 | D        | Reached skill level 7 in Maces & Flails
   885 | D        | Killed an orc priest
   891 | D        | Reached skill level 8 in Shields
   912 | D        | Killed a phantom
   912 | D        | Reached XP level 6. HP: 31/58 MP: 7/7
   933 | D        | Noticed a brain worm
   937 | D        | Killed a brain worm
   937 | D        | Reached skill level 9 in Shields
  1068 | D        | Noticed a giant frog
  1068 | D        | Noticed a centaur
  1068 | D        | Noticed a quasit
  1070 | D        | Killed a quasit
  1078 | D        | Killed a centaur
  1078 | D        | Reached skill level 5 in Dodging
  1078 | D        | Reached XP level 7. HP: 58/66 MP: 9/9
  1090 | D        | Killed a giant frog
  1150 | D        | Noticed an orc knight
  1150 | D        | Noticed an orc warrior
  1150 | D        | Noticed a redback
  1151 | D        | Noticed an orc warrior
  1151 | D        | Noticed an orc priest
  1156 | D        | Killed an orc priest
  1178 | D        | Killed a redback
  1178 | D        | Reached skill level 10 in Armour
  1178 | D        | Reached skill level 10 in Shields
  1178 | D        | Reached skill level 5 in Invocations
  1191 | D        | Killed an orc knight
  1191 | D        | Reached skill level 10 in Maces & Flails
  1191 | D        | Reached XP level 8. HP: 33/75 MP: 9/11
  1228 | D        | Killed an orc warrior
  1228 | D        | Reached skill level 11 in Armour
  1466 | D        | Killed an orc warrior
  1618 | D        | Noticed a crimson imp
  1619 | D        | Noticed a blue devil
  1619 | D        | Noticed Urug
  1638 | D        | Killed a blue devil
  1653 | D        | Killed Urug
  1653 | D        | Reached skill level 12 in Armour
  1653 | D        | Reached XP level 9. HP: 20/83 MP: 11/13
  1654 | D        | Killed a crimson imp
  1928 | D        | Noticed a wyvern
  1928 | D        | Noticed a troll
  1928 | D        | Noticed a wight
  1928 | D        | Noticed a wight
  1928 | D        | Noticed a wight
  1928 | D        | Noticed a wight
  1928 | D        | Noticed a cyclops
  1937 | D        | Killed a wyvern
  1961 | D        | Killed a wight
  1968 | D        | Killed a troll
  1970 | D        | Killed a wight
  1973 | D        | Killed a cyclops
  1976 | D        | Killed a wight
  1984 | D        | Killed a wight
  2182 | D        | Noticed a wyvern
  2183 | D        | Noticed a komodo dragon
  2184 | D        | Noticed a hound
  2188 | D        | Killed a wyvern
  2188 | D        | Reached skill level 10 in Fighting
  2188 | D        | Reached skill level 13 in Armour
  2198 | D        | Killed a komodo dragon
  2202 | D        | Noticed a hound
  2206 | D        | Killed a hound
  2212 | D        | Killed a hound
  2227 | D        | Noticed a crocodile
  2230 | D        | Noticed a wolf spider
  2233 | D        | Killed a crocodile
  2242 | D        | Killed a wolf spider
  2242 | D        | Acquired Okawaru's second power
  2242 | D        | Reached XP level 10. HP: 84/93 MP: 14/14
  2264 | D        | Noticed a deep elf fighter
  2265 | D        | Noticed a guardian mummy
  2265 | D        | Noticed a wyvern
  2274 | D        | Killed a wyvern
  2284 | D        | Killed a guardian mummy
  2293 | D        | Killed a deep elf fighter
  2304 | D        | Noticed Maurice
  2306 | D        | Noticed a four-headed hydra
  2318 | D        | Killed a four-headed hydra
  2318 | D        | Received a gift from Okawaru
  2318 | D        | Reached skill level 14 in Armour
  2319 | D        | Got a smoking steam dragon armour {god gift}
  2325 | D        | Noticed a blue devil
  2326 | D        | Noticed a gnoll sergeant
  2349 | D        | Killed a gnoll sergeant
  2361 | D        | Killed a blue devil
  2376 | D        | Identified the +1 steam dragon armour of Objectivity {rElec rCorr} (Okawaru gifted it to you in the Dungeon)
  2440 | D        | Noticed a steam dragon
  2440 | D        | Noticed a mottled dragon
  2444 | D        | Killed a steam dragon
  2457 | D        | Killed a mottled dragon
  2479 | D        | Noticed a jumping spider
  2479 | D        | Noticed a death knight
  2479 | D        | Noticed a brain worm
  2479 | D        | Noticed a fire drake
  2480 | D        | Noticed a phantasmal warrior
  2487 | D        | Killed a phantasmal warrior
  2491 | D        | Noticed a boulder beetle
  2503 | D        | Killed a death knight
  2510 | D        | Killed a brain worm
  2512 | D        | Killed a fire drake
  2513 | D        | Noticed a sky beast
  2513 | D        | Noticed a lindwurm
  2515 | D        | Noticed a small abomination
  2515 | D        | Noticed a boulder beetle
  2516 | D        | Noticed a water elemental
  2524 | D        | Killed a sky beast
  2535 | D        | Killed a small abomination
  2539 | D        | Killed a jumping spider
  2541 | D        | Killed a water elemental
  2551 | D        | Killed a lindwurm
  2564 | D        | Killed a boulder beetle
  2583 | D        | Killed a boulder beetle
  2610 | D        | Gained mutation: Your muscles are strong. (Str +2) [mutagenic meat]
  2876 | D        | Noticed an orc warrior
  2876 | D        | Noticed a quasit
  2876 | D        | Noticed an iron troll
  2877 | D        | Noticed a merfolk aquamancer
  2885 | D        | Noticed a war gargoyle
  2891 | D        | Noticed an orc warrior
  2917 | D        | Killed an iron troll
  2917 | D        | Reached skill level 15 in Armour
  2917 | D        | Reached skill level 15 in Shields
  2917 | D        | Reached XP level 11. HP: 78/102 MP: 10/16
  2925 | D        | Noticed an orc high priest
  2926 | D        | Killed a quasit
  2929 | D        | Killed a merfolk aquamancer
  2929 | D        | Reached skill level 15 in Maces & Flails
  2929 | D        | Reached skill level 10 in Dodging
  2935 | D        | Noticed a naga mage
  2935 | D        | Killed an orc warrior
  2940 | D        | Killed an orc high priest
  2941 | D        | Noticed a fire elemental
  2946 | D        | Killed a redback
  2953 | D        | Killed a war gargoyle
  2955 | D        | Noticed Azrael
  2957 | D        | Killed a fire elemental
  2961 | D        | Killed a naga mage
  2963 | D        | Killed an orc warrior
  2967 | D        | Noticed a catoblepas
  2973 | D        | Noticed an ogre
  2974 | D        | Killed a catoblepas
  2974 | D        | Reached skill level 16 in Armour
  2983 | D        | Killed Azrael
  2983 | D        | Received a gift from Okawaru
  2983 | D        | Reached skill level 10 in Invocations
  2987 | D        | Killed an ogre
  2990 | D        | Noticed an orc warrior
  2995 | D        | Killed an orc warrior
  3006 | D        | Noticed a sea snake
  3012 | D        | Killed a sea snake
  3019 | D        | Noticed a redback
  3022 | D        | Noticed an orc warrior
  3023 | D        | Killed a redback
  3024 | D        | Noticed a naga
  3032 | D        | Noticed a minotaur
  3033 | D        | Killed an orc warrior
  3034 | D        | Noticed a swamp dragon
  3038 | D        | Noticed a hell hound
  3041 | D        | Noticed a vault guard
  3043 | D        | Killed a swamp dragon
  3061 | D        | Killed a minotaur
  3069 | D        | Killed a vault guard
  3072 | D        | Killed a hell hound
  3078 | D        | Killed a naga
  3079 | D        | Noticed a naga
  3080 | D        | Killed a naga
  3080 | D        | Reached XP level 12. HP: 23/113 MP: 12/18
  3086 | D        | Noticed a redback
  3090 | D        | Killed a redback
  3091 | D        | Noticed a redback
  3092 | D        | Killed a redback
  3096 | D        | Noticed a wasp
  3097 | D        | Killed a wasp
  3106 | D        | Got the +1 shield of a bailey {*Drain rElec Str+3}
  3115 | D        | Noticed a death yak
  3118 | D        | Noticed a hell hound
  3129 | D        | Killed a death yak
  3129 | D        | Reached skill level 17 in Armour
  3131 | D        | Killed a hell hound
  3148 | D        | Noticed a giant frog
  3150 | D        | Killed a giant frog
  3183 | D        | Noticed a hornet
  3183 | D        | Noticed a blue devil
  3184 | D        | Noticed a merfolk avatar
  3184 | D        | Noticed a vampire knight
  3195 | D        | Paralysed by something for 4 turns
  3197 | D        | Mangled by a vampire knight

Vault maps used:
D:        pitsprint

Action                   |  1- 3 |  4- 6 |  7- 9 | 10-12 || total
-------------------------+-------+-------+-------+-------++-------
Melee: Flail             |     7 |       |       |       ||     7
       Mace              |    40 |    70 |   192 |   343 ||   645
Throw: Throwing net      |       |       |     2 |       ||     2
Invok: Heroism           |       |     1 |     5 |     4 ||    10
       Finesse           |       |       |       |     4 ||     4
  Use: Potion            |       |       |     4 |    10 ||    14
       Scroll            |       |       |       |     5 ||     5
 Stab: Held in net/web   |       |       |     1 |       ||     1
       Distracted        |       |       |       |     1 ||     1
  Eat: Chunk             |       |     1 |     2 |     1 ||     4
       Bread ration      |       |       |     1 |     1 ||     2
